 Dungeon Crawl Stone Soup version 0.22.1-1-ga44c0e5 (webtiles) character file.

723 Folque the Sneak (level 7, 0/46 HPs)
             Began as an Octopode Venom Mage on Oct 7, 2018.
             Was a Follower of Zin.
             Slain by a phantom (5 damage)
             ... on level 6 of the Dungeon on Oct 8, 2018.
             The game lasted 00:20:02 (6446 turns).

Folque the Sneak (Octopode Venom Mage)              Turns: 6446, Time: 00:20:03

Health: 0/46       AC:  1    Str: 13    XL:     7   Next: 71%
Magic:  10/14      EV: 13    Int: 19    God:    Zin [*.....]
Gold:   93         SH:  0    Dex: 12    Spells: 10/16 levels left

rFire    . . .     SeeInvis .   j - +0 dagger
rCold    . . .     Gourm    .   (no shield)
rNeg     . . .     Faith    .   (helmet restricted)
rPois    .         Spirit   .   (no amulet)
rElec    .         Reflect  .   (no ring)
rCorr    .         Harm     .   (no ring)
MR       .....                  (no ring)
Stlth    ++++......             (no ring)
HPRegen  0.15/turn              (no ring)
MPRegen  0.14/turn              (no ring)
                                (no ring)
                                (no ring)

@: mighty
A: almost no armour, stealthy swim, amphibious, 8 rings, constrict 8, camouflage
1, gelatinous body 1
a: Recite, Donate Gold, Renounce Religion


You were on level 6 of the Dungeon.
You worshipped Zin.
Zin was aware of your devotion.
You were hungry.

You visited 2 branches of the dungeon, and saw 7 of its levels.

You collected 187 gold pieces.
You donated 94 gold pieces to Zin.

Inventory:

Hand Weapons
 h - a +2 antimagic dagger
 i - a +0 club
 j - a +0 dagger (weapon)
 k - a +0 hunting sling
 y - a +0 spear
 A - a +2 vampiric trident
 D - a +1 spear of venom
Missiles
 l - 111 stones (quivered)
 q - 37 sling bullets
 t - 8 tomahawks
Jewellery
 f - an uncursed ring of positive energy {unknown}
 n - an uncursed amulet of magic regeneration {unknown}
Wands
 a - a wand of paralysis (8)
Scrolls
 m - 5 scrolls of identify {unknown}
 o - a scroll of noise {unknown}
 p - a scroll of teleportation {unknown}
 v - a scroll of remove curse
 x - a scroll of amnesia {unknown}
 z - 3 scrolls of enchant weapon {unknown}
 F - a scroll of fog {unknown}
Potions
 c - 2 potions of agility {unknown}
 d - 2 potions of cancellation {unknown}
 e - 2 potions of flight {unknown}
 g - 2 potions of degeneration {unknown}
 r - a potion of resistance {unknown}
 s - a potion of heal wounds {unknown}
 B - a potion of invisibility {unknown}
 C - 2 potions of mutation {unknown}
 E - a potion of curing {unknown}
Comestibles
 b - 3 rations


   Skills:
 - Level 3.0 Fighting
 - Level 2.0 Dodging
 - Level 6.0 Stealth
 * Level 5.0 Spellcasting
 - Level 1.0 Conjurations
 - Level 1.0 Air Magic
 - Level 5.5 Poison Magic
 * Level 1.2 Invocations


You had 10 spell levels left.
You knew the following spells:

 Your Spells              Type           Power        Failure   Level  Hunger
a - Sting                 Conj/Pois      ###.         3%          1    None
b - Poisonous Vapours     Pois/Air       ###...       4%          2    #......
c - Mephitic Cloud        Conj/Pois/Air  ##......     13%         3    ##.....

Your spell library contained the following spells:

 Spells                   Type           Power        Failure   Level  Hunger
 Olgreb's Toxic Radiance  Pois           ####....     13%         4    ####...
 Venom Bolt               Conj/Pois      ###.......   65%         5    ######.


Dungeon Overview and Level Annotations

Branches:
Dungeon (6/15)             Temple (1/1) D:6

Altars:
Ashenzari
Cheibriados
Dithmenos
Elyvilon
Fedhas
Gozag
Hepliaklqana
Kikubaaqudgha
Makhleb
Nemelex Xobeh
Okawaru
Qazlal
Ru
Sif Muna
Trog
Uskayaw
Vehumet
Wu Jian
Xom
Yredelemnul
Zin
The Shining One


Innate Abilities, Weirdness & Mutations

You cannot wear most types of armour.
You are very stealthy in the water. (Stealth+)
You are amphibious.
You can wear up to eight rings at the same time.
You can use your tentacles to constrict eight enemies at once.
Your skin changes colour to match your surroundings (Stealth+).
Your rubbery body absorbs attacks. (AC +1, EV +1)


Message History

"...the guilty that they may know..."
You constrict the worker ant zombie. The worker ant zombie bites you.
You hit the worker ant zombie. You squeeze the worker ant zombie.
You destroy the worker ant zombie!
Zin accepts your kill. "...the wrath of Zin, and thus be castigated!"
You finish reciting Ablutions 10:24.
You hit the phantom.
The phantom is lightly damaged.
The phantom hits you.
* * * LOW HITPOINT WARNING * * *
As you read the scroll of fear, it crumbles to dust.
You assume a fearsome visage.
The phantom is unaffected.
The phantom hits you!
* * * LOW HITPOINT WARNING * * *
The phantom blinks!
Things that are here:
9 gold pieces; an orc corpse You feel very mighty all of a sudden.
The phantom hits you.
You die...

############
#..()......#
#.####.##..#
########.####W#
#..........##@#
..######....###
#.#.## #....#
#.#.<# #.##.#
#....# ####.#
#.#


You could see a phantom.

Vanquished Creatures
  An ogre (D:5)
  A quasit (D:6)
  A hound (D:5)
  3 orc wizards
  2 orc priests (D:3)
  A bullfrog skeleton (D:6)
  An iguana (D:6)
  Ijyb (D:3)
  3 worker ants
  A hound skeleton (D:5)
  Robin (D:2)
  A worker ant zombie (D:6)
  3 gnolls (D:5)
  9 adders
  An ooze (D:2)
  4 worms
  2 dart slugs
  2 leopard geckos
  13 orcs
  A ball python (D:2)
  7 bats
  5 giant cockroaches
  10 goblins
  13 hobgoblins
  14 kobolds
  4 quokkas
  A ball python skeleton (D:4)
  5 frilled lizards
  A jackal zombie (D:6)
  A quokka skeleton (D:5)
  9 rats
122 creatures vanquished.

Notes
Turn   | Place    | Note
-------+----------+-------------------------------------------
     0 | D:1      | Folque the Octopode Venom Mage began the quest for the Orb.
     0 | D:1      | Reached XP level 1. HP: 11/11 MP: 3/3
   298 | D:1      | Reached skill level 1 in Fighting
   298 | D:1      | Reached XP level 2. HP: 17/18 MP: 5/5
   518 | D:1      | Learned a level 2 spell: Poisonous Vapours
   956 | D:1      | Reached XP level 3. HP: 22/23 MP: 6/6
  1158 | D:2      | Noticed Robin
  1351 | D:1      | Learned a level 3 spell: Mephitic Cloud
  1366 | D:2      | Killed Robin
  1714 | D:2      | Reached XP level 4. HP: 27/29 MP: 3/7
  2276 | D:2      | Reached skill level 3 in Stealth
  2301 | D:2      | Found a shattered altar of Ashenzari.
  2630 | D:3      | Reached XP level 5. HP: 26/34 MP: 4/9
  2937 | D:3      | Reached skill level 5 in Poison Magic
  3312 | D:3      | Noticed Ijyb
  3327 | D:3      | Paralysed by Ijyb for 3 turns
  3332 | D:3      | Killed Ijyb
  3601 | D:3      | Reached skill level 4 in Stealth
  3601 | D:3      | Reached XP level 6. HP: 21/41 MP: 0/11
  3933 | D:3      | Noticed a phantom
  4979 | D:4      | Found a snail-covered altar of Cheibriados.
  5186 | D:5      | Entered Level 5 of the Dungeon
  5194 | D:5      | Reached skill level 5 in Stealth
  5389 | D:5      | Reached skill level 1 in Air Magic
  5389 | D:5      | Reached XP level 7. HP: 46/46 MP: 13/13
  5983 | D:6      | Found a staircase to the Ecumenical Temple.
  5989 | Temple   | Entered the Ecumenical Temple
  6137 | Temple   | Became a worshipper of Zin the Law-Giver
  6137 | Temple   | Reached * piety under Zin
  6138 | Temple   | Donated 76 gold pieces to Zin
  6344 | D:6      | Reached skill level 6 in Stealth
  6426 | D:6      | Reached skill level 1 in Invocations
  6435 | D:6      | Reached skill level 5 in Spellcasting
  6446 | D:6      | Slain by a phantom

Skill      XL: |  1  2  3  4  5  6  7 |
---------------+----------------------+-----
Fighting       | 1 2 3 |  3.0
Poison Magic   | 4 5 |  5.5
Stealth        | 3 4 5 6 |  6.0
Spellcasting   | 3 4 5 |  5.0
Air Magic      | 1 |  1.0
Invocations    | 1 |  1.2
Dodging        | |  2.0
Conjurations   | |  1.0

Action                   |  1- 3 |  4- 6 |  7- 9 || total
-------------------------+-------+-------+-------++-------
Melee: Unarmed           |    56 |       |       ||    56
       Constrict         |    23 |    39 |    12 ||    74
       Tentacles         |    10 |    27 |     9 ||    46
       Dagger            |    17 |   146 |    46 ||   209
 Fire: Hunting sling     |       |     9 |       ||     9
 Cast: Sting             |    24 |    35 |    10 ||    69
       Poisonous Vapours |    10 |    18 |    11 ||    39
       Mephitic Cloud    |     1 |     4 |     3 ||     8
Invok: Recite            |       |       |     3 ||     3
       Donate Gold       |       |       |     1 ||     1
  Use: Scroll            |       |     3 |     1 ||     4
       Potion            |       |     1 |     1 ||     2
 Stab: Sleeping          |     5 |    20 |     6 ||    31
  Eat: Chunk             |     3 |    10 |     3 ||    16
       Ration            |       |     1 |       ||     1
Armor: Skin              |     4 |     7 |     2 ||    13
Dodge: Dodged            |    61 |    80 |    31 ||   172
